Description

.

Build Order

Get SALT Encoding   

  13  0:13  Overlord  
  17  0:52  Hatchery  
  18  1:07  Extractor  
  17  1:16  Spawning Pool  
  19  1:39  Overlord  
  20  2:02  Queen  
  20  2:03  Zergling  
  20  2:04  Queen  
  20  2:06  Zergling  
  26  2:11  Metabolic Boost, Action  Sacar drone del gas
  30  2:43  Queen x2  
  33  2:50  Overlord, Action  upgrade velocidad overlord
  47  3:30  Hatchery  
  47  3:41  Action, Extractor, Roach Warren  Devolver drone al gas
Spawning Tool Build Advisor. Get it on Overwolf

Analysis

.

Go to:

Details

  • Created by: Hydrago
  • Published on: Jan 28, 2017
  • Modified on: Jan 28, 2017
  • Patch: 3.8.0
Show
View Real Time Build Order
Export as new Build Order

Comments (0)

There are no comments. Be the first!

Create an account to comment!